[Event "Luc Bourbonnais mem."]
[Site "Gatineau CAN"]
[Date "2022.09.20"]
[Round "2"]
[White "Arsenault, Michel"]
[Black "Raymond, Daniel"]
[Result "1-0"]
[ECO "B25"]
[WhiteElo "1858"]
[BlackElo "1743"]
[PlyCount "71"]
[EventDate "2022.09.13"]
[EventType "swiss"]
[EventRounds "5"]
[EventCountry "CAN"]
[TimeControl "90/30:0"]

1. e4 c5 2. Nc3 Nc6 3. g3 g6 4. Bg2 Bg7 5. d3 d6 6. f4 Nf6 7. Nf3 O-O 8. O-O
Rb8 9. h3 Bd7 10. Be3 b5 11. a3 Qc8 12. Kh2 a6 13. Qd2 Ne8 14. Rae1 b4 15. axb4
cxb4 16. Nd1 Nc7 17. f5 Ne5 18. Bh6 Nxf3+ 19. Rxf3 Nb5 20. Bxg7 Kxg7 21. g4 Nd4
22. Rf2 a5 23. Ne3 Bc6 24. Ref1 Qc7 25. g5 f6 26. Ng4 Bd7 27. gxf6+ exf6 28.
Qh6+ Kg8 29. Nxf6+ Rxf6 30. fxg6 Bf5 31. gxh7+ Bxh7 32. Qxf6 d5+ 33. e5 Qg7 34.
Bxd5+ Kh8 35. Qd6 Rc8 36. Rf8+ 1-0

[Event "Luc Bourbonnais mem."]
[Site "Gatineau CAN"]
[Date "2022.09.20"]
[Round "2"]
[White "Godbout, Elliott"]
[Black "Simard, Francois"]
[Result "0-1"]
[ECO "D37"]
[WhiteElo "1356"]
[BlackElo "1371"]
[PlyCount "60"]
[EventDate "2022.09.13"]
[EventType "swiss"]
[EventRounds "5"]
[EventCountry "CAN"]
[TimeControl "5400+30"]

1. d4 d5 2. c4 e6 3. Nf3 Nf6 4. e3 Be7 5. Be2 O-O 6. O-O dxc4 7. Bxc4 b6 8. Nc3
Bb7 9. Qe2 Nc6 10. Ba6 Qc8 11. Bxb7 Qxb7 12. Bd2 Rfd8 13. Rac1 Rac8 14. Rfd1
Bd6 15. e4 Nd7 16. e5 Bf8 17. Qe4 Qa8 18. Ng5 g6 19. Qh4 h5 20. g4 Nxd4 21.
gxh5 Nxe5 22. Qe4 Ndf3+ 23. Nxf3 Nxf3+ 24. Kg2 Nxd2 25. Qxa8 Rxa8 26. hxg6 fxg6
27. Rxd2 Rxd2 28. Ne4 Rxb2 29. Rxc7 Bg7 30. Rc8+ Rxc8 0-1

[Event "Luc Bourbonnais mem."]
[Site "Gatineau CAN"]
[Date "2022.09.20"]
[Round "2"]
[White "Legault, Stephane"]
[Black "Carle, Frederic"]
[Result "1/2-1/2"]
[ECO "B13"]
[WhiteElo "1455"]
[BlackElo "1469"]
[PlyCount "112"]
[EventDate "2022.09.13"]
[EventType "swiss"]
[EventRounds "5"]
[EventCountry "CAN"]
[TimeControl "60/30:0"]

1. e4 c6 2. d4 d5 3. exd5 cxd5 4. Nc3 Bf5 5. Bf4 e6 6. Nb5 Qa5+ 7. c3 Na6 8.
Nf3 Nf6 9. Be2 Be7 10. O-O O-O 11. Qb3 Rfc8 12. Bd6 Qd8 13. Qa3 Bf8 14. Bxf8
Qxf8 15. Qxf8+ Kxf8 16. Nd6 Rc7 17. Nxf5 exf5 18. Bd3 g6 19. Rfe1 Re8 20. Rxe8+
Kxe8 21. Ne5 Ng4 22. Nxg4 fxg4 23. Re1+ Re7 24. Rxe7+ Kxe7 25. Kf1 Nc7 26. Ke2
b5 27. g3 a6 28. f3 gxf3+ 29. Kxf3 Ne6 30. a4 Nc7 31. axb5 Nxb5 32. Kf4 f6 33.
h4 Nc7 34. Ke3 f5 35. b3 a5 36. c4 dxc4 37. Bxc4 Kf6 38. Bg8 h6 39. Bc4 Ne8 40.
Kf4 g5+ 41. hxg5+ hxg5+ 42. Kf3 Nd6 43. Bd3 Ke6 44. Ke3 Kd5 45. Be2 Ne4 46.
Bc4+ Kc6 47. g4 Nd6 48. gxf5 Nxf5+ 49. Ke4 Nd6+ 50. Ke5 Nxc4+ 51. bxc4 a4 52.
Ke6 a3 53. d5+ Kc5 54. d6 a2 55. d7 a1=Q 56. d8=Q Qa6+ 1/2-1/2

[Event "Luc Bourbonnais mem."]
[Site "Gatineau CAN"]
[Date "2022.09.27"]
[Round "3"]
[White "Brault, Jean-Francois"]
[Black "Lecorre, Joel"]
[Result "1/2-1/2"]
[ECO "A36"]
[WhiteElo "1506"]
[BlackElo "1501"]
[PlyCount "76"]
[EventDate "2022.09.13"]
[EventType "swiss"]
[EventRounds "5"]
[EventCountry "CAN"]
[TimeControl "90/30:0"]

1. c4 e5 2. Nc3 c5 3. d3 Nc6 4. g3 d6 5. Bg2 Nf6 6. Bg5 Be7 7. e3 Nd7 8. Bxe7
Nxe7 9. Nge2 Rb8 10. O-O O-O 11. f4 f5 12. Nd5 Nf6 13. Nec3 Be6 14. fxe5 dxe5
15. e4 Nfxd5 16. exd5 Bc8 17. Qe2 Ng6 18. Rf2 a6 19. Raf1 Qd6 20. Bh3 Ne7 21.
g4 g6 22. Bg2 Bd7 23. g5 Nc8 24. Ne4 Qc7 25. d6 Nxd6 26. Nf6+ Rxf6 27. gxf6 Re8
28. Re1 Kf7 29. b3 Kxf6 30. Qb2 Nf7 31. a3 a5 32. b4 b6 33. b5 Qd6 34. Qd2 Qd4
35. Kh1 g5 36. Rg1 h6 37. Rgf1 Nd6 38. Re1 f4 1/2-1/2

[Event "Luc Bourbonnais mem."]
[Site "Gatineau CAN"]
[Date "2022.09.27"]
[Round "3"]
[White "Hamon, Vincent"]
[Black "Simard, Francois"]
[Result "1-0"]
[ECO "D00"]
[WhiteElo "1378"]
[BlackElo "1371"]
[PlyCount "97"]
[EventDate "2022.09.13"]
[EventType "swiss"]
[EventRounds "5"]
[EventCountry "CAN"]
[TimeControl "90/30:0"]

1. d4 d5 2. Nc3 Nf6 3. Bf4 c5 4. e3 Nc6 5. Nb5 g5 6. Bg3 e5 7. Bxe5 Nxe5 8.
dxe5 Nd7 9. Qxd5 Nb6 10. Qxd8+ Kxd8 11. O-O-O+ Bd7 12. Nf3 h6 13. e6 fxe6 14.
Ne5 a6 15. Nf7+ Ke7 16. Nxh8 axb5 17. Ng6+ Ke8 18. Nxf8 Kxf8 19. Kb1 Bc6 20.
Rg1 Ke7 21. Be2 Rf8 22. Rdf1 c4 23. Bh5 b4 24. f3 c3 25. Rd1 cxb2 26. Rd4 Na4
27. Rxb4 Ra8 28. e4 Kd6 29. Rd1+ Kc5 30. Rb3 Bb5 31. Rh1 Bc4 32. Rxb7 Kd4 33.
Rd7+ Kc3 34. Rc7 Kd4 35. Rxc4+ Kxc4 36. Re1 Rd8 37. Bf7 Kc3 38. Bxe6 Kd2 39.
Rh1 Kc3 40. Bd5 Kd2 41. Bb3 Nc3+ 42. Kxb2 Nd1+ 43. Ka1 Kc3 44. e5 Nb2 45. e6
Rd2 46. Re1 Rd8 47. e7 Re8 48. Bf7 Kxc2 49. Bxe8 1-0

[Event "Luc Bourbonnais mem."]
[Site "Gatineau CAN"]
[Date "2022.09.27"]
[Round "3"]
[White "Legault, Stephane"]
[Black "Godbout, Elliott"]
[Result "0-1"]
[ECO "C30"]
[WhiteElo "1455"]
[BlackElo "1156"]
[PlyCount "100"]
[EventDate "2022.09.13"]
[EventType "swiss"]
[EventRounds "5"]
[EventCountry "CAN"]
[TimeControl "90/30:0"]

1. e4 e5 2. f4 d6 3. Nf3 Nc6 4. Bc4 Bg4 5. Bxf7+ Kxf7 6. Ng5+ Qxg5 7. fxg5 Bxd1
8. O-O+ Ke8 9. Rxd1 Nd4 10. Na3 Be7 11. h4 Ne2+ 12. Kf2 Nxc1 13. Raxc1 h6 14.
Nb5 Kd7 15. g4 c6 16. Nc3 hxg5 17. h5 Rf8+ 18. Kg3 Nh6 19. Rf1 Rxf1 20. Rxf1
Rf8 21. Rxf8 Bxf8 22. Ne2 Ke6 23. d4 Ng8 24. c3 Ne7 25. Ng1 g6 26. Nf3 Kf6 27.
c4 Bh6 28. d5 Nc8 29. hxg6 Kxg6 30. Nd2 Nb6 31. b3 cxd5 32. cxd5 Nd7 33. Nc4
Bf8 34. Na5 Nc5 35. Kf3 b6 36. Nc6 a5 37. Ke3 Kf7 38. Kf3 Nd3 39. a3 Be7 40.
Ke3 Nc5 41. b4 axb4 42. axb4 Nb3 43. Kd3 Ke8 44. Kc3 Nd4 45. Nxd4 exd4+ 46.
Kxd4 b5 47. e5 dxe5+ 48. Kxe5 Bxb4 49. Ke6 Bd2 50. Ke5 b4 0-1

[Event "Luc Bourbonnais mem."]
[Site "Gatineau CAN"]
[Date "2022.09.27"]
[Round "3"]
[White "MacIsaac, Alexandre"]
[Black "Blais, Robert"]
[Result "1-0"]
[ECO "C42"]
[WhiteElo "1647"]
[BlackElo "1578"]
[PlyCount "55"]
[EventDate "2022.09.13"]
[EventType "swiss"]
[EventRounds "5"]
[EventCountry "CAN"]
[TimeControl "90/30:0"]

1. e4 e5 2. Nf3 d6 3. Bc4 h6 4. Nc3 Nf6 5. d3 Bg4 6. h3 Bh5 7. g4 Bg6 8. Be3 c5
9. Nh4 Nxe4 10. Nxg6 Nxc3 11. Bxf7+ Kxf7 12. Nxh8+ Kg8 13. Qf3 Nc6 14. Nf7 Qf6
15. Nxh6+ Kh7 16. Qxf6 gxf6 17. bxc3 Bxh6 18. Bxh6 Kxh6 19. Kd2 Rf8 20. h4 f5
21. g5+ Kh5 22. Rag1 Rg8 23. Ke3 Rg6 24. f4 Ne7 25. c4 Nc6 26. c3 exf4+ 27.
Kxf4 Ne5 28. Rg3 1-0

[Event "Luc Bourbonnais mem."]
[Site "Gatineau CAN"]
[Date "2022.10.04"]
[Round "4"]
[White "Rioux, Jocelyn"]
[Black "Brault, Jean-Francois"]
[Result "1-0"]
[ECO "A47"]
[WhiteElo "1581"]
[BlackElo "1506"]
[PlyCount "47"]
[EventDate "2022.09.13"]
[EventType "swiss"]
[EventRounds "5"]
[EventCountry "CAN"]
[TimeControl "90/30:0"]

1. d4 Nf6 2. Bf4 e6 3. e3 b6 4. Nf3 Bb7 5. c3 d6 6. Nbd2 Nbd7 7. Qc2 Be7 8. e4
Nf8 9. Bb5+ c6 10. Bd3 Ng6 11. Bg3 Nd7 12. O-O-O c5 13. Kb1 O-O 14. h4 cxd4 15.
Nxd4 Nxh4 16. Bxh4 Bxh4 17. N2f3 Be7 18. e5 g6 19. exd6 Bf6 20. Be4 Nc5 21.
Bxb7 Nxb7 22. Qd2 Nxd6 23. Nc6 Qc7 24. Qxd6 1-0

[Event "Luc Bourbonnais mem."]
[Site "Gatineau CAN"]
[Date "2022.10.04"]
[Round "4"]
[White "Scantland, Patrick"]
[Black "Labelle, Raymond"]
[Result "1-0"]
[ECO "D43"]
[WhiteElo "1696"]
[BlackElo "1486"]
[PlyCount "51"]
[EventDate "2022.09.13"]
[EventType "swiss"]
[EventRounds "5"]
[EventCountry "CAN"]
[TimeControl "90/390:0"]

1. d4 d5 2. c4 c6 3. Nf3 h6 4. Nc3 Nf6 5. Bf4 e6 6. cxd5 cxd5 7. e3 Bd6 8. Ne5
a6 9. Bd3 Nfd7 10. Nxf7 Rf8 11. Nxd6+ Ke7 12. Qh5 Nc6 13. Bg3 Nf6 14. Qg6 Ne8
15. Bh4+ Nf6 16. Nxd5+ Kxd6 17. Nxf6 Qa5+ 18. Ke2 gxf6 19. Bg3+ Ke7 20. Qxh6
Bd7 21. Qf4 e5 22. dxe5 Nxe5 23. Rad1 Nxd3 24. Qd4 Ke8 25. Rxd3 Bb5 26. Qe4+
1-0

[Event "Luc Bourbonnais mem."]
[Site "Gatineau CAN"]
[Date "2022.10.04"]
[Round "4"]
[White "Thompson, Francis"]
[Black "Blais, Robert"]
[Result "1/2-1/2"]
[ECO "C41"]
[WhiteElo "1666"]
[BlackElo "1576"]
[PlyCount "97"]
[EventDate "2022.09.13"]
[EventType "swiss"]
[EventRounds "5"]
[EventCountry "CAN"]
[TimeControl "90/30:0"]

1. e4 e5 2. Nf3 d6 3. d4 exd4 4. Nxd4 Nf6 5. Nc3 Be7 6. Bc4 a6 7. a4 Bd7 8. O-O
Nc6 9. f4 O-O 10. Kh1 Re8 11. Nxc6 Bxc6 12. e5 dxe5 13. fxe5 Qxd1 14. Nxd1 Nd5
15. Ne3 Rad8 16. Nf5 Rd7 17. Nd4 Bc5 18. e6 fxe6 19. Nxc6 bxc6 20. Re1 Kh8 21.
Bg5 e5 22. Bxa6 Nb4 23. Bd3 Nxd3 24. cxd3 Rxd3 25. a5 h6 26. Bh4 Bd4 27. Re2
Rb3 28. g4 Rxb2 29. Rxb2 Bxb2 30. Ra2 Bd4 31. a6 c5 32. a7 Ra8 33. Bd8 c4 34.
Bxc7 Rxa7 35. Rxa7 Bxa7 36. Bxe5 Kg8 37. Kg2 Kf7 38. Kf3 g6 39. Ke4 Ke6 40. h3
Bf2 41. Bg7 h5 42. gxh5 gxh5 43. Bc3 Bh4 44. Kd4 Bf6+ 45. Kxc4 Bxc3 46. Kxc3
Kf5 47. Kd3 Kf4 48. Ke2 Kg3 49. h4 1/2-1/2

[Event "Luc Bourbonnais mem."]
[Site "Gatineau CAN"]
[Date "2022.10.04"]
[Round "4"]
[White "Villeneuve, Denis"]
[Black "Legault, Stephane"]
[Result "0-1"]
[ECO "C41"]
[WhiteElo "1476"]
[BlackElo "1455"]
[PlyCount "106"]
[EventDate "2022.09.13"]
[EventType "swiss"]
[EventRounds "5"]
[EventCountry "CAN"]
[TimeControl "90/30:0"]

1. e4 e5 2. Nf3 d6 3. d4 exd4 4. Nxd4 Nf6 5. Nc3 a6 6. Be2 Bd7 7. O-O Nc6 8. f3
g6 9. Be3 Bg7 10. Qd2 O-O 11. Bg5 Ne7 12. f4 c5 13. Nf3 Bc6 14. e5 dxe5 15.
Qxd8 Raxd8 16. fxe5 Nfd5 17. Bd3 Rd7 18. Rae1 Nxc3 19. bxc3 Bd5 20. a4 Re8 21.
c4 Be6 22. Nd2 Nc6 23. Bf4 Nb4 24. Ne4 Nxd3 25. cxd3 Rxd3 26. Nxc5 Rd4 27. Nxb7
Rxc4 28. Nd6 Rxf4 29. Rxf4 Re7 30. Rb4 h6 31. Rb8+ Kh7 32. Rb7 Bd7 33. Nxf7
Rxf7 34. Rb6 Bxa4 35. Rxa6 Bb5 36. Ra5 Bc4 37. Rc5 Be6 38. Rc6 Re7 39. Ra6 h5
40. h3 Kh6 41. h4 g5 42. hxg5+ Kxg5 43. Ra5 Kg6 44. Re3 Bg4 45. Kf2 Re6 46. Kf1
Kf5 47. Ra7 Kf4 48. Kf2 Bxe5 49. g3+ Kf5 50. Ra5 Kf6 51. Rd3 Bc7 52. Ra2 Bb6+
53. Kf1 Bh3+ 0-1

[Event "Luc Bourbonnais mem."]
[Site "Gatineau CAN"]
[Date "2022.10.11"]
[Round "5"]
[White "Arsenault, Michel"]
[Black "Marghetis, Aris"]
[Result "1-0"]
[ECO "A24"]
[WhiteElo "1854"]
[BlackElo "1815"]
[PlyCount "69"]
[EventDate "2022.09.13"]
[EventType "swiss"]
[EventRounds "5"]
[EventCountry "CAN"]
[TimeControl "90/30:0"]

1. c4 Nf6 2. g3 g6 3. Bg2 Bg7 4. e4 d6 5. Nc3 c6 6. Nge2 e5 7. O-O O-O 8. d3
Be6 9. b3 Qd7 10. f4 Na6 11. f5 gxf5 12. Bg5 Ng4 13. h3 f6 14. exf5 fxg5 15.
fxe6 Qxe6 16. hxg4 Rxf1+ 17. Kxf1 Rf8+ 18. Kg1 Qxg4 19. Qd2 e4 20. dxe4 Bxc3
21. Nxc3 Qxg3 22. Rf1 Rxf1+ 23. Kxf1 Nc5 24. Ne2 Qe5 25. Qd4 Kf7 26. Qxe5 dxe5
27. Bf3 Kg6 28. Ng3 Nd3 29. Bh5+ Kf6 30. a3 Nf4 31. Bg4 c5 32. Nh5+ Kg6 33.
Nxf4+ gxf4 34. Kg2 Kg5 35. Kh3 1-0

[Event "Luc Bourbonnais mem."]
[Site "Gatineau CAN"]
[Date "2022.10.11"]
[Round "5"]
[White "Brault, Jean-Francois"]
[Black "Masse-Garneau, Anthony"]
[Result "0-1"]
[ECO "A34"]
[WhiteElo "1506"]
[BlackElo "1600"]
[PlyCount "68"]
[EventDate "2022.09.13"]
[EventType "swiss"]
[EventRounds "5"]
[EventCountry "CAN"]
[TimeControl "90/30:0"]

1. c4 c5 2. Nc3 Nc6 3. g3 d6 4. Bg2 Nf6 5. Nf3 e5 6. O-O Be7 7. e3 Bg4 8. h3
Bh5 9. Qb3 Rb8 10. a3 Bg6 11. Ng5 Bd3 12. Re1 Na5 13. Qa4+ Nd7 14. Nxf7 Kxf7
15. Bd5+ Kf8 16. e4 Nf6 17. Be6 Nc6 18. Re3 Nd4 19. b4 Bc2 20. Qa5 Qxa5 21.
bxa5 Nxe6 22. Ra2 Bb3 23. Rb2 Bxc4 24. d3 Ba6 25. Rd2 Nd4 26. Bb2 Kf7 27. Ne2
Rhc8 28. f4 Ke8 29. fxe5 dxe5 30. Bxd4 cxd4 31. Rf3 Rc5 32. g4 Rbc8 33. Kf2 Rc2
34. Ke1 Bxa3 0-1

[Event "Luc Bourbonnais mem."]
[Site "Gatineau CAN"]
[Date "2022.10.11"]
[Round "5"]
[White "Labelle, Raymond"]
[Black "Legault, Stephane"]
[Result "1-0"]
[ECO "B32"]
[WhiteElo "1486"]
[BlackElo "1455"]
[PlyCount "53"]
[EventDate "2022.09.13"]
[EventType "swiss"]
[EventRounds "5"]
[EventCountry "CAN"]
[TimeControl "90/30:0"]

1. e4 c5 2. Nf3 Nc6 3. d4 cxd4 4. Nxd4 Qb6 5. Nxc6 dxc6 6. Nc3 Bd7 7. Bc4 O-O-O
8. Qf3 Nf6 9. h3 e5 10. Bxf7 Bb4 11. Bb3 Rhf8 12. Qe2 Nxe4 13. O-O Ng3 14. Qe1
Nxf1 15. Qxf1 Bxc3 16. bxc3 c5 17. Be3 Qg6 18. Kh1 Bc6 19. Bxc5 Rf5 20. Bxa7
Rh5 21. f3 Rf8 22. Qc4 Kc7 23. Qc5 Rf6 24. Qe7+ Kc8 25. Rd1 Rxh3+ 26. Kg1 Rh1+
27. Kxh1 1-0

[Event "Luc Bourbonnais mem."]
[Site "Gatineau CAN"]
[Date "2022.10.11"]
[Round "5"]
[White "Lavergne, Daniel"]
[Black "Scantland, Patrick"]
[Result "0-1"]
[ECO "B87"]
[WhiteElo "1745"]
[BlackElo "1696"]
[PlyCount "56"]
[EventDate "2022.09.13"]
[EventType "swiss"]
[EventRounds "5"]
[EventCountry "CAN"]
[TimeControl "90/30:0"]

1. e4 c5 2. Nf3 d6 3. d4 cxd4 4. Nxd4 Nf6 5. Nc3 a6 6. Bc4 e6 7. Bb3 b5 8. O-O
Be7 9. Re1 O-O 10. Qf3 Qc7 11. Be3 Nc6 12. e5 Nxd4 13. Bxd4 Bb7 14. Qh3 dxe5
15. Bxe5 Qc6 16. Re3 Rad8 17. Ne2 Rd2 18. Nd4 Rxd4 19. Bxd4 Rd8 20. c3 Ne4 21.
Bxg7 Kxg7 22. Rae1 Ng5 23. Qg3 Kh8 24. Qe5+ f6 25. Qg3 Rg8 {la transcription
est difficile Ã  interprÃ ter, mais il semble que Rg8 ait Ã tÃ  jouÃ } 26. Rxe6
Nxe6 27. Rxe6 Rxg3 28. Rxc6 Rxg2+ 0-1

[Event "Luc Bourbonnais mem."]
[Site "Gatineau CAN"]
[Date "2022.10.11"]
[Round "5"]
[White "Lecorre, Joel"]
[Black "Lavoie, Aren"]
[Result "1-0"]
[ECO "C24"]
[WhiteElo "1501"]
[BlackElo "1404"]
[PlyCount "77"]
[EventDate "2022.09.13"]
[EventType "swiss"]
[EventRounds "5"]
[EventCountry "CAN"]
[TimeControl "90/30:0"]

1. e4 e5 2. Bc4 Nf6 3. d4 Nxe4 4. dxe5 Qe7 5. Qe2 Nc5 6. Nc3 c6 7. Nf3 d5 8.
exd6 Qxe2+ 9. Bxe2 Bxd6 10. b4 Nca6 11. a3 Bf5 12. Bd3 Bxd3 13. cxd3 O-O 14.
O-O Nd7 15. Ne4 Be7 16. d4 Nc7 17. Nc5 Nxc5 18. dxc5 Bf6 19. Rb1 Nd5 20. Bb2
Nc3 21. Bxc3 Bxc3 22. Rb3 Bf6 23. Rd3 Rfd8 24. Rfd1 Rd5 25. Rxd5 cxd5 26. Rxd5
Rc8 27. Kf1 Bb2 28. a4 Ba3 29. Rd4 f6 30. Ne1 a5 31. Nc2 Bb2 32. Rc4 axb4 33.
Rxb4 Bc3 34. Rc4 Be5 35. Nb4 Bd6 36. c6 Bxb4 37. cxb7 Rxc4 38. b8=Q+ Bf8 39.
Qb3 1-0

[Event "Luc Bourbonnais mem."]
[Site "Gatineau CAN"]
[Date "2022.10.11"]
[Round "5"]
[White "Thompson, Francis"]
[Black "Thibault, Mario"]
[Result "1-0"]
[ECO "B34"]
[WhiteElo "1666"]
[BlackElo "1762"]
[PlyCount "73"]
[EventDate "2022.09.13"]
[EventType "swiss"]
[EventRounds "5"]
[EventCountry "CAN"]
[TimeControl "90/30:0"]

1. e4 c5 2. Nf3 g6 3. Nc3 Bg7 4. d4 cxd4 5. Nxd4 Nc6 6. Be3 Nf6 7. Be2 O-O 8.
Nb3 a5 9. a4 d6 10. h3 Be6 11. f4 Nd7 12. O-O Nb6 13. Nd5 Bxd5 14. exd5 Nb4 15.
c3 N4xd5 16. Bd4 e5 17. fxe5 Bxe5 18. Bf3 Re8 19. Kh1 Qc7 20. Bxe5 Rxe5 21. Re1
Ne3 22. Qd3 Nbc4 23. Re2 Rae8 24. Nd4 d5 25. Rae1 Qe7 26. b3 Nd6 27. Bxd5 Qg5
28. Bxf7+ Nxf7 29. Nf3 Rd5 30. Rxe3 Rxe3 31. Qxe3 Qd8 32. Qe8+ Kg7 33. Nd4 Qxe8
34. Rxe8 Kf6 35. Re6+ Kg7 36. Re7 Kf8 37. Rxb7 1-0

[Event "Luc Bourbonnais mem. U1400"]
[Site "Gatineau CAN"]
[Date "2022.09.13"]
[Round "1"]
[White "Muller, Alyssa"]
[Black "Albert, Michel"]
[Result "0-1"]
[ECO "C10"]
[WhiteElo "1023"]
[BlackElo "1118"]
[PlyCount "106"]
[EventDate "2022.09.13"]
[EventType "swiss"]
[EventRounds "5"]
[EventCountry "CAN"]
[TimeControl "60"]

1. e4 e6 2. Nc3 d5 3. Nf3 a6 4. d4 c5 5. Bd3 Nc6 6. Be3 cxd4 7. Nxd4 Nxd4 8.
Bxd4 Nf6 9. Qe2 Bb4 10. a3 Ba5 11. O-O O-O 12. e5 Nd7 13. b4 Bb6 14. Qe3 Bxd4
15. Qxd4 Nb6 16. a4 Bd7 17. a5 Nc4 18. b5 Qg5 19. g3 Nd2 20. Rfe1 Nf3+ 21. Kf1
Nxd4 22. b6 Nf3 23. Re2 Nxh2+ 24. Kg1 Nf3+ 25. Kg2 Qh5 26. Rh1 Qg5 27. Kxf3 g6
28. Kg2 Bc6 29. f4 Qe7 30. Rh2 Qa3 31. Nb1 Qxa5 32. Re1 Qxb6 33. Nc3 Qb4 34.
Reh1 d4+ 35. Ne4 h5 36. Be2 Bxe4+ 37. Bf3 Bxf3+ 38. Kxf3 Qc3+ 39. Kg2 Qxc2+ 40.
Kh3 Qc3 41. Kh4 Qd3 42. g4 Qe4 43. Kg5 Rfc8 44. f5 Qxe5 45. Rd2 Kg7 46. Rb2 Rc3
47. Rxb7 Qg3 48. f6+ Kf8 49. Rd7 Qxg4+ 50. Kh6 Qf4+ 51. Kh7 Qxf6 52. Kh6 Rg3
53. Rxd4 Qg7# 0-1

[Event "Luc Bourbonnais mem. U1400"]
[Site "Gatineau CAN"]
[Date "2022.09.20"]
[Round "2"]
[White "Arcand, Pierre"]
[Black "Simchowitz, Wladimir"]
[Result "1-0"]
[ECO "B01"]
[WhiteElo "1182"]
[BlackElo "1162"]
[PlyCount "81"]
[EventDate "2022.09.13"]
[EventType "swiss"]
[EventRounds "5"]
[EventCountry "CAN"]
[TimeControl "60/30:0"]

1. e4 d5 2. exd5 Qxd5 3. Nc3 Qe6+ 4. Qe2 Qxe2+ 5. Bxe2 Nc6 6. Nf3 Nf6 7. O-O b6
8. d3 Ba6 9. a3 O-O-O 10. h3 g6 11. Bg5 Bg7 12. Rfe1 h6 13. Bh4 g5 14. Bg3 Nd5
15. Nxd5 Rxd5 16. Rab1 Rb5 17. d4 Nxd4 18. Bxb5 Nxb5 19. Rxe7 Rf8 20. c4 Nd6
21. Bxd6 cxd6 22. b3 h5 23. Nxg5 Bf6 24. Rxf7 Rxf7 25. Nxf7 Be7 26. Nh8 b5 27.
cxb5 Bxb5 28. Ng6 Bf6 29. Nf4 h4 30. Rd1 Be5 31. Nd5 Be2 32. Rc1+ Kd7 33. Re1
Bd3 34. Re3 Bc2 35. Nb4 Bf5 36. Nd3 Ke6 37. Nxe5 dxe5 38. Rc3 e4 39. a4 a6 40.
Rc6+ Kd5 41. Rxa6 1-0

[Event "Luc Bourbonnais mem. U1400"]
[Site "Gatineau CAN"]
[Date "2022.09.20"]
[Round "2"]
[White "Boutin, Michel"]
[Black "Chenard, Paul"]
[Result "1-0"]
[ECO "C20"]
[WhiteElo "1114"]
[BlackElo "1072"]
[PlyCount "55"]
[EventDate "2022.09.13"]
[EventType "swiss"]
[EventRounds "5"]
[EventCountry "CAN"]
[TimeControl "60/30:0"]

1. e4 e5 2. c4 Nc6 3. a3 Nf6 4. h3 Nd4 5. Nf3 Nxe4 6. Bd3 Bc5 7. Bxe4 f6 8. Nc3
c6 9. O-O O-O 10. d3 d6 11. Nxd4 Bxd4 12. Ne2 f5 13. Bf3 f4 14. Rb1 Qh4 15.
Nxd4 exd4 16. Bg4 f3 17. Bxf3 Qf6 18. Bg4 Bxg4 19. Qxg4 h6 20. b4 Rae8 21. Bd2
g6 22. Bxh6 Rf7 23. Bg5 Qe5 24. Rbe1 Qxe1 25. Rxe1 Rxe1+ 26. Kh2 Rxf2 27. Bh4
Rf5 28. Qxg6+ 1-0

[Event "Luc Bourbonnais mem. U1400"]
[Site "Gatineau CAN"]
[Date "2022.09.20"]
[Round "2"]
[White "Chartrand, Alexis"]
[Black "Mailhiot, Michel"]
[Result "1-0"]
[ECO "D02"]
[WhiteElo "1107"]
[BlackElo "1018"]
[PlyCount "57"]
[EventDate "2022.09.13"]
[EventType "swiss"]
[EventRounds "5"]
[EventCountry "CAN"]
[TimeControl "60/30:0"]

1. d4 d5 2. c4 Nf6 3. Nf3 e6 4. g3 Bd6 5. Bg2 O-O 6. O-O Nc6 7. Qc2 Ne4 8. Nc3
Nb4 9. Qd1 Nf6 10. Bg5 Be7 11. Ne5 h6 12. Bxf6 Bxf6 13. Qb3 a5 14. a3 dxc4 15.
Qxc4 Nc2 16. Rac1 Nxd4 17. f4 b5 18. Nxb5 Nf5 19. Rfd1 Nd6 20. Bxa8 Nxc4 21.
Rxd8 Rxd8 22. Nxc4 Bd4+ 23. Nxd4 Rxd4 24. Nxa5 Ra4 25. Rc5 f5 26. e3 Kf7 27.
Bc6 Re4 28. Bxe4 fxe4 29. Rxc7+ 1-0

[Event "Luc Bourbonnais mem. U1400"]
[Site "Gatineau CAN"]
[Date "2022.09.20"]
[Round "2"]
[White "Gratton, Constant"]
[Black "Fiset, Daniel"]
[Result "0-1"]
[ECO "B01"]
[WhiteElo "1278"]
[BlackElo "1348"]
[PlyCount "56"]
[EventDate "2022.09.13"]
[EventType "swiss"]
[EventRounds "5"]
[EventCountry "CAN"]
[TimeControl "60/30:0"]

1. e4 d5 2. exd5 Qxd5 3. Nc3 Qa5 4. Nf3 Nf6 5. d4 Bf5 6. Bd3 Bxd3 7. Qxd3 e6 8.
O-O Be7 9. a3 c6 10. b4 Bxb4 11. Qc4 Bxc3 12. Rb1 b5 13. Qd3 Nd5 14. Ne5 O-O
15. Qf3 Bxd4 16. Qe4 Qa4 17. Rd1 Bxf2+ 18. Kxf2 Qxe4 19. Nd3 Nc3 20. Re1 Qf5+
21. Nf4 Nxb1 22. Kg1 Qc5+ 23. Kh1 Nxa3 24. c3 Qxc3 25. Rd1 Na6 26. h3 Rad8 27.
Rf1 b4 28. Be3 Qxe3 0-1

[Event "Luc Bourbonnais mem. U1400"]
[Site "Gatineau CAN"]
[Date "2022.09.20"]
[Round "2"]
[White "Poirier, Simon"]
[Black "Simchowitz, Yves"]
[Result "1-0"]
[ECO "D90"]
[WhiteElo "872"]
[BlackElo "991"]
[PlyCount "67"]
[EventDate "2022.09.13"]
[EventType "swiss"]
[EventRounds "5"]
[EventCountry "CAN"]
[TimeControl "60/30:0"]

1. d4 d5 2. Bf4 g6 3. Nf3 Bg7 4. e3 Nf6 5. c4 O-O 6. Nc3 c6 7. cxd5 cxd5 8. Nb5
Qa5+ 9. Nc3 Ne4 10. Qb3 Be6 11. Bd3 Nd7 12. O-O b6 13. Qc2 Rfc8 14. Bxe4 dxe4
15. Qxe4 Nf6 16. Qc2 Bxa2 17. Ne5 Nd5 18. Qd2 Nb4 19. Nxa2 Nxa2 20. Qxa5 bxa5
21. Rxa2 Rc2 22. Rb1 Rb8 23. h3 Rb5 24. Nd3 e6 25. Rc1 Rd2 26. Rc3 Bf8 27. e4
Rd1+ 28. Kh2 Bb4 29. Nxb4 axb4 30. Rc8+ Kg7 31. Rxa7 Rb1 32. Be5+ Kh6 33. Rc5
Rxc5 34. dxc5 1-0

[Event "Luc Bourbonnais mem. U1400"]
[Site "Gatineau CAN"]
[Date "2022.09.20"]
[Round "2"]
[White "Roussel-Lewis, Mathieu"]
[Black "Paquette, Simon"]
[Result "1-0"]
[ECO "C88"]
[WhiteElo "1292"]
[BlackElo "1234"]
[PlyCount "35"]
[EventDate "2022.09.13"]
[EventType "swiss"]
[EventRounds "5"]
[EventCountry "CAN"]
[TimeControl "60/30:0"]

1. e4 e5 2. Nf3 Nc6 3. Bb5 a6 4. Ba4 b5 5. Bb3 Nf6 6. d3 Be7 7. O-O O-O 8. Re1
d6 9. h3 Bb7 10. Nc3 Na5 11. Bd2 c5 12. Ne2 Qd7 13. Bxa5 b4 14. a3 Qb5 15. axb4
cxb4 16. Qd2 d5 17. Ng3 Rad8 18. Bxd8 1-0

[Event "Luc Bourbonnais mem. U1400"]
[Site "Gatineau CAN"]
[Date "2022.09.20"]
[Round "2"]
[White "Simard, Paul"]
[Black "Yang, James"]
[Result "1/2-1/2"]
[ECO "D02"]
[WhiteElo "1255"]
[BlackElo "1300"]
[PlyCount "107"]
[EventDate "2022.09.13"]
[EventType "swiss"]
[EventRounds "5"]
[EventCountry "CAN"]
[TimeControl "60/30:0"]

1. d4 d5 2. Bf4 Nc6 3. Nf3 Nf6 4. e3 Bg4 5. Be2 e6 6. Nbd2 Bd6 7. Bxd6 Qxd6 8.
c4 dxc4 9. Nxc4 Qb4+ 10. Qd2 Qxd2+ 11. Ncxd2 O-O 12. O-O Rfd8 13. h3 Bf5 14.
Rac1 Ne4 15. Nxe4 Bxe4 16. a3 h6 17. b4 a6 18. Nd2 Bd5 19. e4 Bxe4 20. Nxe4
Nxd4 21. Bf3 Nxf3+ 22. gxf3 Rd3 23. Kg2 Rxa3 24. Rxc7 b5 25. Nd6 f6 26. Rfc1
Kh7 27. Ne4 Rb3 28. Nc5 Rxb4 29. Nxe6 Rg8 30. Rc8 Rxc8 31. Rxc8 g5 32. Ra8 Ra4
33. Nc5 Ra1 34. Rxa6 Rxa6 35. Nxa6 Kg6 36. Kf1 Kf5 37. Ke2 Ke5 38. Kd3 Kd5 39.
Kc3 Kc6 40. Kb4 f5 41. Nc5 h5 42. Ne6 g4 43. Nd4+ Kb6 44. Nxf5 gxh3 45. Ng3 h4
46. Nh1 h2 47. f4 Kc7 48. f5 Kd7 49. Kxb5 Ke7 50. Kc5 Kf6 51. Kd4 Kxf5 52. Ke3
Kg4 53. f3+ Kh3 54. Kf2 1/2-1/2